General information
- name: BNet
- type: Ladder team game (AT/RT)
- host: Battle.net
- saver: SecretTeam
map: DragonFalls
- players: 8
- length: 60:16
- speed: Fast
- version: 1.26 W3XP
- replay type: Public
» download(343 KB)
Players
team 1 (loser)
CARLITOS (
blue | 78 APM | 3803 actions | 48:42)
9 Goblin Tinker
3 Cluster Rockets
3 Engineering Upgrade
1 Robo-Goblin
2 Pocket Factory
8 Keeper of the Grove
3 Entangling Roots
3 Thorns Aura
1 Tranquility
1 Force of Nature
5 Priestess of the Moon
3 Trueshot Aura
2 Searing Arrows
» actions
| Assign group hotkey | 82 | |
| Basic commands | 140 | |
| Build / train | 173 | |
| Enter build submenu | 32 | |
| Enter hero's abilities submenu | 22 | |
| Give item / drop item | 7 | |
| Right click | 2144 | |
| Select / deselect | 616 | |
| Select group hotkey | 364 | |
| Use ability | 223 | |
3803 total
» units
| Wisp | 42 | |
| Archer | 31 | |
| Hippogryph | 26 | |
99 total
» upgrades
| Improved Bows | 1 | |
| Hippogryph Taming | 1 | |
| Strength of the Moon | 3 | |
| Moon Armor | 2 | |
| Marksmanship | 1 | |
| Well Spring | 1 | |
| Ultravision | 1 | |
| Nature's Blessing | 1 | |
11 total
» buildings
| Moon Well | 9 | |
| Altar of Elders | 1 | |
| Ancient of War | 3 | |
| Ancient of Wonders | 2 | |
| Tree of Ages | 5 | |
| Tree of Life | 4 | |
| Hunter's Hall | 1 | |
| Ancient of Wind | 4 | |
| Tree of Eternity | 3 | |
| Ancient Protector | 3 | |
35 total
» build order
00:08 Moon Well
00:09 Altar of Elders
01:01 Ancient of War
01:35 Moon Well
01:49 Ancient of War
02:55 Ancient of Wonders
03:18 Moon Well
03:53 Tree of Ages
03:53 Tree of Ages
04:52 Tree of Life
05:54 Hunter's Hall
06:01 Moon Well
07:23 Ancient of Wind
07:29 Ancient of Wind
08:50 Moon Well
10:25 Tree of Eternity
14:28 Moon Well
14:51 Tree of Life
14:52 Ancient Protector
14:53 Ancient Protector
18:15 Tree of Life
21:25 Tree of Ages
22:01 Tree of Life
22:36 Ancient of War
24:58 Ancient of Wonders
25:07 Moon Well
25:10 Moon Well
27:19 Tree of Eternity
30:48 Ancient of Wind
30:49 Ancient of Wind
35:39 Moon Well
46:55 Ancient Protector
» items
| Lesser Clarity Potion | 4 | |
| Scroll of Town Portal | 12 | |
| Potion of Healing | 3 | |
| Orb of Venom | 1 | |
| Potion of Mana | 1 | |
| Healing Salve | 1 | |
22 total

»
SecretTeam (
teal | 85 APM | 5150 actions | 60:16)
7 Warden
3 Fan of Knives
3 Blink
1 Spirit of Vengeance
» actions
| Assign group hotkey | 79 | |
| Basic commands | 494 | |
| Build / train | 145 | |
| ESC pressed | 14 | |
| Enter build submenu | 73 | |
| Enter hero's abilities submenu | 7 | |
| Give item / drop item | 11 | |
| Right click | 2139 | |
| Select / deselect | 701 | |
| Select group hotkey | 1174 | |
| Use ability | 313 | |
5150 total
» units
| Wisp | 49 | |
| Archer | 7 | |
| Huntress | 2 | |
| Goblin Zeppelin | 1 | |
| Green Dragon | 6 | |
| Green Drake | 5 | |
| Green Dragon Whelp | 8 | |
| Chimaera | 11 | |
| Hippogryph | 8 | |
97 total
» upgrades
| Ultravision | 1 | |
| Nature's Blessing | 2 | |
| Strength of the Wild | 3 | |
| Reinforced Hides | 3 | |
| Well Spring | 1 | |
| Backpack | 1 | |
| Hippogryph Taming | 1 | |
| Corrosive Breath | 1 | |
| Strength of the Moon | 2 | |
| Moon Armor | 2 | |
| Druid of the Talon Training | 2 | |
| Mark of the Talon | 1 | |
20 total
» buildings
| Altar of Elders | 2 | |
| Moon Well | 10 | |
| Ancient of War | 2 | |
| Hunter's Hall | 1 | |
| Tree of Life | 9 | |
| Tree of Ages | 2 | |
| Ancient Protector | 19 | |
| Ancient of Wonders | 1 | |
| Tree of Eternity | 4 | |
| Ancient of Wind | 6 | |
| Chimaera Roost | 4 | |
60 total
» build order
00:02 Altar of Elders
00:03 Moon Well
00:50 Ancient of War
01:28 Ancient of War
01:50 Moon Well
02:36 Moon Well
03:18 Hunter's Hall
03:39 Moon Well
04:34 Tree of Life
04:52 Tree of Ages
05:22 Ancient Protector
05:35 Ancient of Wonders
07:29 Tree of Life
07:33 Tree of Life
07:36 Ancient Protector
07:42 Ancient Protector
08:17 Tree of Eternity
10:25 Ancient Protector
10:29 Ancient Protector
10:42 Moon Well
10:50 Moon Well
10:51 Moon Well
10:52 Moon Well
10:59 Ancient of Wind
11:51 Ancient Protector
12:19 Moon Well
12:20 Moon Well
12:29 Chimaera Roost
13:02 Ancient Protector
13:09 Chimaera Roost
18:57 Ancient Protector
18:58 Ancient Protector
19:00 Ancient Protector
19:01 Ancient Protector
19:03 Ancient Protector
22:19 Ancient Protector
22:20 Ancient Protector
22:21 Ancient Protector
22:23 Ancient Protector
22:24 Ancient Protector
25:16 Ancient Protector
25:18 Ancient Protector
33:21 Ancient of Wind
33:22 Ancient of Wind
33:24 Ancient of Wind
33:25 Ancient of Wind
33:26 Ancient of Wind
36:54 Tree of Ages
38:00 Altar of Elders
39:19 Tree of Eternity
42:20 Chimaera Roost
42:22 Chimaera Roost
59:10 Tree of Life
59:10 Tree of Life
59:14 Tree of Life
59:15 Tree of Life
59:18 Tree of Life
59:21 Tree of Life
» items
| Boots of Speed | 1 | |
| Staff of Teleportation | 1 | |
| Orb of Venom | 1 | |
| Orb of Lightning | 1 | |
| Scroll of Healing | 1 | |
| Potion of Healing | 1 | |
| Healing Salve | 1 | |
| Scroll of Town Portal | 3 | |
10 total

»
guru.style (
pink | 30 APM | 976 actions | 32:03)
8 Far Seer
3 Feral Spirit
3 Chain Lighting
1 Earth Quake
1 Far Sight
» actions
| Assign group hotkey | 18 | |
| Basic commands | 135 | |
| Build / train | 89 | |
| Enter build submenu | 22 | |
| Enter hero's abilities submenu | 10 | |
| Give item / drop item | 1 | |
| Remove unit from queue | 1 | |
| Right click | 239 | |
| Select / deselect | 352 | |
| Select group hotkey | 46 | |
| Use ability | 63 | |
976 total
» units
| Peon | 24 | |
| Grunt | 14 | |
| Shaman | 15 | |
| Tauren | 11 | |
64 total
» upgrades
| Melee Weapons | 3 | |
| Armor | 3 | |
| Berserker Strength | 1 | |
| Shaman Training | 2 | |
| Pulverize | 1 | |
10 total
» buildings
| Barracks | 1 | |
| Altar of Storms | 1 | |
| Orc Burrow | 9 | |
| War Mill | 1 | |
| Stronghold | 1 | |
| Great Hall | 1 | |
| Watch Tower | 13 | |
| Spirit Lodge | 1 | |
| Fortress | 1 | |
| Voodoo Lounge | 1 | |
| Tauren Totem | 2 | |
32 total
» build order
00:07 Barracks
00:09 Altar of Storms
00:27 Orc Burrow
01:44 Orc Burrow
03:21 War Mill
03:52 Orc Burrow
03:53 Orc Burrow
05:00 Stronghold
05:10 Orc Burrow
05:53 Great Hall
06:45 Watch Tower
06:48 Watch Tower
06:49 Watch Tower
06:54 Watch Tower
07:44 Spirit Lodge
08:21 Watch Tower
08:21 Watch Tower
09:33 Fortress
11:56 Watch Tower
11:57 Watch Tower
11:58 Watch Tower
13:11 Watch Tower
13:11 Watch Tower
13:20 Voodoo Lounge
13:23 Tauren Totem
13:24 Tauren Totem
14:04 Orc Burrow
14:10 Orc Burrow
16:08 Watch Tower
16:09 Watch Tower
19:40 Orc Burrow
19:43 Orc Burrow
» items
| Healing Salve | 2 | |
| Scroll of Town Portal | 1 | |
3 total
BloodyLoony (
orange | 20 APM | 1003 actions | 49:17)
8 Blademaster
3 Wind Walk
3 Critical Strike
1 Bladestorm
1 Mirror Image
» actions
| Basic commands | 8 | |
| Build / train | 57 | |
| Enter build submenu | 15 | |
| Enter hero's abilities submenu | 8 | |
| Give item / drop item | 8 | |
| Right click | 574 | |
| Select / deselect | 295 | |
| Use ability | 38 | |
1003 total
» units
| Peon | 12 | |
| Grunt | 5 | |
| Wind Rider | 14 | |
| Troll Batrider | 1 | |
| Tauren | 3 | |
35 total
» upgrades
| Ranged Weapons | 3 | |
| Pillage | 1 | |
| Envenomed Spears | 1 | |
| Backpack | 1 | |
6 total
» buildings
| Altar of Storms | 1 | |
| Orc Burrow | 8 | |
| Barracks | 1 | |
| Voodoo Lounge | 1 | |
| War Mill | 1 | |
| Stronghold | 1 | |
| Fortress | 1 | |
| Beastiary | 2 | |
| Great Hall | 1 | |
17 total
» build order
00:12 Altar of Storms
00:15 Orc Burrow
00:18 Barracks
01:39 Voodoo Lounge
02:05 War Mill
02:29 Orc Burrow
04:08 Stronghold
04:15 Orc Burrow
05:54 Orc Burrow
06:34 Fortress
06:40 Beastiary
06:59 Beastiary
08:42 Orc Burrow
11:25 Orc Burrow
11:28 Orc Burrow
12:45 Orc Burrow
20:57 Great Hall
» items
| Healing Salve | 2 | |
| Orb of Lightning | 1 | |
| Boots of Speed | 1 | |
4 total
team 2 (winner)

»
hungwwei (
yellow | 6 APM | 336 actions | 54:35)
» actions
| Select / deselect | 329 | |
| Use ability | 1 | |
336 total
LOLATYOUIWIN (
red | 41 APM | 2457 actions | 60:16)
5 Mountain King
2 Bash
3 Thunder Clap
1 Warden
1 Fan of Knives
» actions
| Assign group hotkey | 26 | |
| Basic commands | 9 | |
| Build / train | 138 | |
| Enter build submenu | 39 | |
| Enter hero's abilities submenu | 7 | |
| Give item / drop item | 7 | |
| Remove unit from queue | 12 | |
| Right click | 1301 | |
| Select / deselect | 645 | |
| Select group hotkey | 130 | |
| Use ability | 143 | |
2457 total
» units
| Peasant | 34 | |
| Mortar Team | 2 | |
| Rifleman | 9 | |
| Priest | 7 | |
| Sorceress | 5 | |
| Flying Machine | 2 | |
| Knight | 2 | |
| Hippogryph | 4 | |
| Wisp | 4 | |
| Dryad | 10 | |
| Archer | 4 | |
83 total
» upgrades
| Gunpowder | 2 | |
| Masonry | 1 | |
| Lumber Harvesting | 2 | |
| Priest Training | 2 | |
| Sorceress Training | 2 | |
| Armor | 1 | |
| Flak Cannons | 1 | |
| Fragmentation Shards | 1 | |
12 total
» buildings
| Altar of Kings | 1 | |
| Farm | 15 | |
| Blacksmith | 1 | |
| Scout Tower | 22 | |
| Lumber Mill | 2 | |
| Arcane Tower | 1 | |
| Arcane Vault | 2 | |
| Guard Tower | 10 | |
| Keep | 2 | |
| Town Hall | 2 | |
| Castle | 1 | |
| Barracks | 3 | |
| Workshop | 3 | |
| Arcane Sanctum | 2 | |
| Tree of Life | 1 | |
| Ancient Protector | 2 | |
| Ancient of Wonders | 3 | |
73 total
» build order
00:22 Altar of Kings
00:33 Farm
00:48 Blacksmith
01:12 Farm
02:03 Scout Tower
02:17 Scout Tower
02:18 Scout Tower
02:20 Scout Tower
02:20 Scout Tower
02:32 Lumber Mill
02:41 Arcane Tower
03:33 Arcane Vault
03:36 Guard Tower
04:11 Farm
04:12 Farm
04:13 Farm
04:16 Guard Tower
04:35 Scout Tower
04:36 Scout Tower
04:37 Scout Tower
04:41 Scout Tower
04:42 Scout Tower
04:56 Guard Tower
05:06 Scout Tower
05:07 Scout Tower
05:25 Guard Tower
05:38 Guard Tower
06:06 Guard Tower
06:11 Lumber Mill
06:13 Keep
06:17 Guard Tower
06:25 Farm
06:26 Farm
06:27 Farm
07:10 Town Hall
07:48 Arcane Vault
08:13 Scout Tower
08:14 Scout Tower
08:22 Farm
08:23 Farm
08:27 Scout Tower
08:28 Scout Tower
08:29 Scout Tower
08:30 Scout Tower
08:31 Scout Tower
08:33 Scout Tower
08:33 Scout Tower
08:35 Scout Tower
08:37 Castle
09:37 Guard Tower
10:01 Barracks
10:04 Workshop
10:09 Arcane Sanctum
10:09 Arcane Sanctum
10:36 Guard Tower
10:40 Guard Tower
10:55 Farm
10:56 Farm
10:57 Farm
10:58 Farm
10:59 Farm
11:01 Keep
13:11 Workshop
13:14 Workshop
21:15 Barracks
21:15 Barracks
24:50 Town Hall
36:29 Tree of Life
36:34 Ancient Protector
36:34 Ancient Protector
43:19 Ancient of Wonders
48:48 Ancient of Wonders
48:52 Ancient of Wonders
» items
| Orb of Fire | 1 | |
| Potion of Healing | 1 | |
| Scroll of Town Portal | 5 | |
| Scroll of Regeneration | 1 | |
| Boots of Speed | 1 | |
| Dust of Appearance | 1 | |
10 total
RushTheBand (
green | 81 APM | 4900 actions | 60:16)
10 Blood Mage
3 Flame Strike
3 Siphon Mana
1 Summon Phoenix
3 Banish
» actions
| Assign group hotkey | 240 | |
| Basic commands | 57 | |
| Build / train | 148 | |
| Enter build submenu | 62 | |
| Enter hero's abilities submenu | 10 | |
| Give item / drop item | 3 | |
| Remove unit from queue | 2 | |
| Right click | 1935 | |
| Select / deselect | 845 | |
| Select group hotkey | 1406 | |
| Use ability | 190 | |
4900 total
» units
| Peasant | 30 | |
| Footman | 11 | |
| Sorceress | 4 | |
| Goblin Shredder | 1 | |
| Goblin Zeppelin | 3 | |
| Mortar Team | 11 | |
| Flying Machine | 15 | |
| Green Dragon | 1 | |
76 total
» upgrades
| Lumber Harvesting | 1 | |
| Masonry | 3 | |
| Sorceress Training | 1 | |
| Gunpowder | 3 | |
| Flak Cannons | 1 | |
| Plating | 3 | |
| Fragmentation Shards | 1 | |
| Magic Sentry | 1 | |
| Armor | 1 | |
| Barrage | 1 | |
| Flying Machine Bombs | 1 | |
17 total
» buildings
| Altar of Kings | 2 | |
| Barracks | 1 | |
| Scout Tower | 27 | |
| Farm | 15 | |
| Arcane Tower | 3 | |
| Arcane Vault | 2 | |
| Keep | 2 | |
| Town Hall | 3 | |
| Lumber Mill | 2 | |
| Guard Tower | 6 | |
| Arcane Sanctum | 1 | |
| Blacksmith | 3 | |
| Workshop | 5 | |
| Castle | 1 | |
73 total
» build order
00:37 Altar of Kings
00:39 Barracks
00:48 Scout Tower
00:54 Farm
00:55 Farm
01:05 Farm
01:15 Farm
02:18 Arcane Tower
03:17 Arcane Vault
03:48 Keep
04:19 Town Hall
04:33 Scout Tower
04:35 Scout Tower
04:36 Scout Tower
04:38 Scout Tower
04:42 Scout Tower
04:49 Lumber Mill
05:09 Farm
06:26 Guard Tower
06:27 Arcane Tower
07:00 Arcane Sanctum
07:07 Scout Tower
07:08 Scout Tower
07:09 Scout Tower
07:14 Scout Tower
07:36 Blacksmith
08:22 Guard Tower
08:35 Guard Tower
10:23 Workshop
10:51 Workshop
11:00 Guard Tower
13:18 Castle
13:25 Workshop
13:57 Scout Tower
13:57 Scout Tower
13:57 Scout Tower
13:58 Scout Tower
13:59 Scout Tower
14:00 Scout Tower
14:02 Farm
14:03 Farm
14:04 Farm
14:05 Farm
14:56 Guard Tower
15:08 Guard Tower
15:41 Farm
15:43 Farm
15:46 Farm
29:54 Keep
31:43 Scout Tower
31:43 Scout Tower
31:43 Scout Tower
31:44 Scout Tower
31:44 Scout Tower
31:52 Scout Tower
31:52 Scout Tower
31:52 Scout Tower
31:53 Scout Tower
31:56 Town Hall
32:48 Altar of Kings
32:50 Lumber Mill
33:27 Guard Tower
35:08 Blacksmith
35:12 Blacksmith
36:57 Workshop
36:59 Workshop
37:59 Scout Tower
38:22 Farm
38:25 Farm
38:47 Arcane Tower
40:22 Arcane Vault
40:46 Farm
41:25 Town Hall
48:29 Scout Tower
» items
| Scroll of Regeneration | 8 | |
| Boots of Speed | 1 | |
| Staff of Teleportation | 1 | |
| Potion of Mana | 3 | |
| Potion of Invisibility | 2 | |
| Scroll of Town Portal | 7 | |
| Potion of Healing | 4 | |
| Potion of Lesser Invulnerability | 1 | |
| Periapt of Vitality | 1 | |
| Dust of Appearance | 1 | |
29 total
Airbourn (
purple | 28 APM | 962 actions | 34:42)
8 Warden
3 Shadow Strike
3 Blink
1 Spirit of Vengeance
1 Fan of Knives
» actions
| Assign group hotkey | 23 | |
| Basic commands | 197 | |
| Build / train | 71 | |
| Enter build submenu | 23 | |
| Enter hero's abilities submenu | 8 | |
| Right click | 143 | |
| Select / deselect | 280 | |
| Select group hotkey | 156 | |
| Use ability | 61 | |
962 total
» units
| Wisp | 20 | |
| Archer | 8 | |
| Huntress | 3 | |
| Druid of the Claw | 3 | |
| Dryad | 18 | |
| Goblin Shredder | 1 | |
| Chimaera | 4 | |
57 total
» upgrades
| Druid of the Claw Training | 1 | |
| Strength of the Wild | 1 | |
| Abolish Magic | 1 | |
3 total
» buildings
| Altar of Elders | 1 | |
| Moon Well | 8 | |
| Ancient of War | 1 | |
| Hunter's Hall | 1 | |
| Tree of Ages | 1 | |
| Ancient Protector | 1 | |
| Tree of Life | 1 | |
| Ancient of Lore | 2 | |
| Tree of Eternity | 1 | |
| Ancient of Wind | 1 | |
| Chimaera Roost | 2 | |
20 total
» build order
00:09 Altar of Elders
00:24 Moon Well
00:51 Ancient of War
01:46 Moon Well
02:51 Hunter's Hall
04:25 Moon Well
04:27 Tree of Ages
05:34 Moon Well
06:34 Ancient Protector
08:05 Tree of Life
08:16 Ancient of Lore
08:21 Ancient of Lore
09:40 Tree of Eternity
18:55 Moon Well
19:00 Moon Well
21:57 Ancient of Wind
23:53 Chimaera Roost
23:56 Chimaera Roost
24:02 Moon Well
24:06 Moon Well
Chat log
(01:10 / All) CARLITOS: HOLA CHICAS
(01:17 / Allies) guru.style: sup
(02:02 / Allies) CARLITOS: hippo de arch / fairies
(02:30 / Allies) guru.style: wyvs or mellee
(02:36 / Allies) SecretTeam: melee
(02:38 / Allies) CARLITOS: melee and caster imo
(02:38 / Allies) BloodyLoony: wyvs
(02:45 / Allies) guru.style: melee
(03:48 / Allies) SecretTeam: not my green camp
(03:51 / Allies) SecretTeam: I'm getting that after orange
(04:03 / All) LOLATYOUIWIN: i just took three bars fuck lol can u say ZOOOOTED
(04:12 / Allies) CARLITOS: pinkal
(04:39 / Allies) CARLITOS: take
(04:48 / Allies) CARLITOS: clear for u
(05:15 / Allies) CARLITOS: why burrows there? lol
(05:23 / Allies) guru.style: ill tower up
(10:44 / Allies) guru.style: plan?
(11:59 / All) LOLATYOUIWIN: wtgf
(12:01 / All) LOLATYOUIWIN: wtf
(12:03 / All) LOLATYOUIWIN: lol
(12:04 / All) SecretTeam: ?
(12:09 / All) LOLATYOUIWIN: nice purple
(12:10 / All) guru.style: tits
(13:17 / Allies) BloodyLoony: atk?
(13:33 / All) guru.style: yeah real soon
(15:05 / Allies) CARLITOS: lets hit purp plz
(15:13 / Allies) BloodyLoony: k
(15:17 / All) guru.style: yeah
(15:50 / Allies) CARLITOS: come on
(16:23 / Allies) CARLITOS: gyros
(16:24 / Allies) CARLITOS: hit now plz
(16:25 / Allies) CARLITOS: hit
(16:41 / All) guru.style: b blue
(16:45 / All) guru.style: drop
(17:41 / All) LOLATYOUIWIN: WHERE IS ANY FUCKNIG EHKP
(18:03 / All) RushTheBand: way to bail on your buds
(18:40 / Allies) CARLITOS: come on guys
(18:48 / Allies) CARLITOS: lets rock
(18:55 / Allies) BloodyLoony: k
(19:00 / Allies) CARLITOS: oj make some bat?
(19:25 / Allies) CARLITOS: they got 3 ppl
(19:26 / Allies) CARLITOS: come on guys
(19:50 / Allies) BloodyLoony: ?
(19:51 / Allies) CARLITOS: teal
(19:53 / Allies) CARLITOS: make units
(19:54 / Allies) CARLITOS: dude
(19:56 / Allies) CARLITOS: why u got 8k gold
(19:58 / Allies) CARLITOS: ?
(20:02 / Allies) SecretTeam: I'm going mass dragons
(20:06 / Allies) CARLITOS: ...
(20:08 / Allies) CARLITOS: jesus christ
(20:14 / All) guru.style: get aa
(20:17 / All) guru.style: use hippos blue
(20:22 / Allies) CARLITOS: we lost
(20:34 / All) LOLATYOUIWIN: jesus fucking christ
(20:36 / All) guru.style: how...
(21:04 / Allies) CARLITOS: tp now
(21:39 / All) RushTheBand: fucking raped carl!
(21:54 / All) CARLITOS: took 2 of u?
(21:56 / All) CARLITOS: so gj
(21:57 / All) RushTheBand: lol!
(22:03 / All) CARLITOS: be proud
(22:22 / Allies) CARLITOS: teal do something
(22:26 / Allies) CARLITOS: hit his expo
(22:34 / Allies) SecretTeam: I'm killing a hall bro
(22:41 / Allies) CARLITOS: gold me
(22:42 / Allies) CARLITOS: plz
(22:43 / Allies) CARLITOS: dude
(22:43 / Allies) SecretTeam: and massing dragons
(22:45 / Allies) CARLITOS: u have 10k
(22:46 / Allies) CARLITOS: ....
(22:47 / Allies) CARLITOS: GODL ME
(22:50 / Allies) CARLITOS: i just got hit hard
(23:03 / Allies) CARLITOS: ....
(24:13 / Allies) CARLITOS: need to hit expos
(25:09 / Allies) guru.style: move blue
(25:11 / Allies) guru.style: wisp
(25:12 / Allies) guru.style: n hero
(25:27 / Allies) CARLITOS: plz for the love of god
(26:30 / All) CARLITOS: raped
(26:31 / All) CARLITOS: carl
(26:41 / All) RushTheBand: you ain't killed my base
(27:05 / All) CARLITOS: raped
(27:06 / All) CARLITOS: greeen
(27:07 / All) CARLITOS: ROFL
(27:10 / All) CARLITOS: RIOF
(27:28 / All) LOLATYOUIWIN: u guys did realize it was 3v4 right?
(27:33 / All) CARLITOS: no
(27:36 / All) CARLITOS: uit was 3 vs 3
(27:38 / All) CARLITOS: teal has nothing
(29:07 / All) RushTheBand: get off my land carl
(29:11 / All) CARLITOS: no
(29:19 / All) SecretTeam: Get off of his land, Carl
(29:30 / All) CARLITOS: ROFL
(29:52 / All) LOLATYOUIWIN: wheres teal at?
(29:57 / All) CARLITOS: i told u
(30:00 / All) CARLITOS: it was 3 vs 3
(30:05 / All) CARLITOS: he is just sitting in hise base
(30:06 / All) LOLATYOUIWIN: dude no teal has aan expo
(30:08 / All) CARLITOS: with 14k gold
(30:08 / All) guru.style: hes got a massie dragon army
(30:10 / All) CARLITOS: doing fuck all
(30:24 / All) guru.style: fuck him from gtting an expo
(30:30 / All) CARLITOS: now he's taking
(30:31 / All) guru.style: theres like 200 towers
(30:51 / Allies) CARLITOS: really teal
(31:09 / Allies) CARLITOS: retreat
(31:11 / Allies) CARLITOS: teal is tking
(31:12 / Allies) BloodyLoony: WTF!?
(31:24 / All) CARLITOS: guess u win
(31:26 / All) CARLITOS: teal is tking
(31:34 / All) RushTheBand: raped carl
(32:36 / Allies) CARLITOS: u kidding me teal
(32:56 / Allies) BloodyLoony: u son of a bitch!
(32:59 / Allies) BloodyLoony: we can win!
(33:15 / Allies) CARLITOS: help me
(33:36 / Allies) CARLITOS: kill teal
(34:07 / Allies) CARLITOS: finish them off
(36:49 / Allies) CARLITOS: kill teal oj
(36:50 / Allies) CARLITOS: now
(36:58 / Allies) CARLITOS: so we can inw
(39:33 / All) CARLITOS: ]teal ur so fuckign gay
(39:38 / All) SecretTeam: lol
(39:43 / All) CARLITOS: coudl have won
(39:44 / All) SecretTeam: i went mass dragons and this stab still worked
(39:47 / All) CARLITOS: if u just fucking
(39:48 / Allies) BloodyLoony: asshole!
(39:55 / Allies) CARLITOS: comon one
(39:56 / Allies) CARLITOS: teal
(39:57 / Allies) CARLITOS: u srslY?
(40:04 / Allies) SecretTeam: shouldn't have killed my dragons
(40:12 / Allies) CARLITOS: u killed my whole army...
(40:17 / Allies) CARLITOS: and oj's
(40:19 / Allies) SecretTeam: you killed my dragons bro
(40:22 / Allies) BloodyLoony: idiot
(40:23 / Allies) CARLITOS: cuz
(40:25 / Allies) CARLITOS: u kiled us
(40:26 / Allies) CARLITOS: u moron
(40:30 / Allies) CARLITOS: les just fucking win
(40:31 / Allies) CARLITOS: holy shit
(40:48 / Allies) CARLITOS: srsly teal come on
(40:49 / Allies) CARLITOS: just hit them
(40:51 / Allies) SecretTeam: you killed my dragons, you ain't winning now
(40:58 / Allies) BloodyLoony: idiot!
(41:04 / Allies) CARLITOS: w/e teal
(41:05 / Allies) CARLITOS: jesus christ
(41:13 / Allies) BloodyLoony: you got banned soon! ok!
(41:31 / All) CARLITOS: ya teal was ur bro all along isn't he green
(41:32 / All) SecretTeam: uh-oh orange says I'm going to get banned soon!
(41:37 / All) CARLITOS: gj on winning thru cheese
(41:43 / All) SecretTeam: it wasn't cheese lol
(41:46 / All) SecretTeam: you could have scouted it
(41:47 / All) CARLITOS: ya it was
(41:56 / All) CARLITOS: we would have won if u didn't take up allt he mines
(42:01 / All) SecretTeam: you don't even know what cheese is
(42:01 / All) CARLITOS: and then tk us
(42:04 / All) SecretTeam: check liquidpedia
(42:23 / Allies) CARLITOS: teal hit plz
(42:25 / Allies) CARLITOS: for the love of god
(42:27 / Allies) CARLITOS: plz
(43:06 / All) RushTheBand: DSAfkljdsfjklsd]
(43:24 / Allies) BloodyLoony: stupid son of a bitch!
(43:26 / Allies) CARLITOS: teal
(43:27 / Allies) CARLITOS: come on
(43:28 / Allies) CARLITOS: dude
(43:29 / Allies) CARLITOS: just fucking win
(43:35 / Allies) CARLITOS: jesus
(43:36 / Allies) SecretTeam: you killed my dragons bro
(43:36 / Allies) CARLITOS: u win ok
(43:41 / Allies) CARLITOS: U KILLED MY ARMY 2x
(43:43 / Allies) CARLITOS: U WIN
(43:44 / Allies) CARLITOS: JUST LETS GO
(43:45 / Allies) CARLITOS: PLZ
(43:49 / Allies) CARLITOS: FOR THE LOVE OF GOD
(44:42 / Allies) CARLITOS: teal come on man
(46:14 / Allies) CARLITOS: teal u killed my army first
(46:19 / Allies) CARLITOS: ur tk'ing for a different reason
(46:20 / Allies) SecretTeam: you killed my dragons bro'
(46:24 / Allies) CARLITOS: u kiled me first
(46:26 / Allies) CARLITOS: and oj
(46:27 / Allies) CARLITOS: ....
(46:28 / Allies) CARLITOS: and pink
(47:39 / Allies) CARLITOS: ....
(47:41 / Allies) CARLITOS: ur a fucking moron
(48:13 / Allies) CARLITOS: u only tk cuz ur a fatass loser
(48:15 / Allies) CARLITOS: who can't get any
(48:17 / Allies) CARLITOS: LOL
(48:34 / Allies) CARLITOS: just remember: u won't go anywhre in life except live in ur mama's basement
(48:36 / Allies) CARLITOS: dwell on that
(49:14 / All) BloodyLoony: son of a bitch!
(49:19 / All) SecretTeam: we really cut this close
(49:53 / All) LOLATYOUIWIN: do u guys know each other
(51:52 / All) RushTheBand: Red you lose
(52:04 / All) RushTheBand: note teals name
(52:28 / All) LOLATYOUIWIN: dude i honestly dont care i just made this account lol
(52:39 / All) RushTheBand: should we give carlitos the loss?
(52:51 / All) SecretTeam: my team was really faggy, but I don't know about yours since I wasn't on your side
(52:58 / All) SecretTeam: mine kept whing and threatening to report me and shit
(52:59 / All) RushTheBand: they were aight
(53:00 / All) SecretTeam: blue was a clown
(53:02 / All) RushTheBand: red is 0-0
(53:12 / All) RushTheBand: purple was jsut a dumbass I don't think he talked
(53:15 / All) RushTheBand: and then we had AFK stabber
(53:18 / All) SecretTeam: blue is 24-13
(53:25 / All) SecretTeam: pink is 397-469
(53:26 / All) LOLATYOUIWIN: u think u could just give me a win since i waited the whole thing out.. :/
(53:31 / All) SecretTeam: orange was 10-12
(53:35 / All) SecretTeam: my team gets the loss definitely
(53:38 / All) SecretTeam: red is 0-0 he doesn't care
(53:56 / All) RushTheBand: He does but he'll lose before 5 games anyway and then make another account
(53:59 / All) LOLATYOUIWIN: i just want the win becasue i waited to see what was goin on lol
(54:11 / All) RushTheBand: Carl needs a loss
(54:15 / All) SecretTeam: yeah
(54:27 / All) RushTheBand: gg made it close since I didn't know what you were doing
(54:34 / All) RushTheBand: I thought blue was fucking done when I raped his base
(54:36 / All) RushTheBand: and army
(54:47 / All) SecretTeam: I was massing dragons but carl massed hippos and raped it
(54:50 / All) SecretTeam: then they killed my base
(54:53 / All) LOLATYOUIWIN: he was afk
(54:54 / All) SecretTeam: I rebuilt since they missed production
(54:56 / All) RushTheBand: you shoulda massed hippos with teh dragons
(54:58 / All) SecretTeam: so I cut it really close
(55:11 / All) RushTheBand: I was chatting with carl
(55:22 / All) RushTheBand: said he had to go back and forth with us two
(55:27 / All) RushTheBand: I was hitting his expos
(55:41 / All) LOLATYOUIWIN: whats it gonna be guys im tryna s4s again lol im high as shit
(55:43 / All) SecretTeam: sending all of my trees to red
(55:47 / All) SecretTeam: you get the win sir
(55:56 / All) LOLATYOUIWIN: good looks bro
(56:08 / All) RushTheBand: When blue's hippos just waltzed on by and raped my dragon I was tempted to leave, then he raped my hero
(56:12 / All) RushTheBand: I was like...
(56:15 / All) RushTheBand: WTF1
(56:26 / All) SecretTeam: I was queueing them up but they have really high damage
(56:29 / All) SecretTeam: so I killed them all
(56:32 / All) LOLATYOUIWIN: what channel u guys in lets do this again but let me get in on the deal
(56:33 / All) SecretTeam: but not before he got you
(56:41 / All) RushTheBand: channel nigger
(56:44 / All) RushTheBand: want to play a game with red?|
(56:52 / All) SecretTeam: sure
(57:06 / All) RushTheBand: Aight channel nigger
(57:11 / All) LOLATYOUIWIN: iteeeee
(57:13 / All) RushTheBand: |were gonna make new names
(57:22 / All) LOLATYOUIWIN: ok what should they be
(57:25 / All) RushTheBand: make a new 0-0 account
(57:32 / All) RushTheBand: and meet us in channel nigger
(57:33 / All) LOLATYOUIWIN: thats why i made this lol
(57:43 / All) RushTheBand: you need a new 0-0 account
(57:46 / All) RushTheBand: to get in same game with us
(57:55 / All) LOLATYOUIWIN: alright i got u
(58:17 / All) LOLATYOUIWIN: were russian spys
(58:21 / All) LOLATYOUIWIN: 007
(58:30 / All) RushTheBand: Aye
(58:30 / All) LOLATYOUIWIN: rouge agents
(58:33 / All) LOLATYOUIWIN: lol
(58:47 / All) LOLATYOUIWIN: where u guys from
(58:48 / All) RushTheBand: Well let's go bro I ain't getting any younger
(58:54 / All) RushTheBand: he's from BC canada
(58:57 / All) RushTheBand: I'm from Indiana
(59:12 / All) LOLATYOUIWIN: hey green all my familys from indie
(59:21 / All) LOLATYOUIWIN: indiana
(59:33 / All) SecretTeam: down to last three buildings
(59:35 / All) SecretTeam: remember
(59:37 / All) SecretTeam: channel nigger
(59:43 / All) LOLATYOUIWIN: channel nigger new account
(59:51 / All) LOLATYOUIWIN: all secret agent names